 Dungeon Crawl Stone Soup version 0.17.1-3-g152610e (webtiles) character file.

1635 dobroeutro the Cleaver (level 8, -7/60 HPs)
             Began as a Minotaur Fighter on Apr 27, 2016.
             Hit by a tomahawk thrown by an orc warrior (8 damage)
             ... on level 7 of the Dungeon.
             The game lasted 00:09:24 (4080 turns).

dobroeutro the Cleaver (Minotaur Fighter)           Turns: 4080, Time: 00:09:25

Health: -7/60      AC: 12    Str: 25    XL:     8   Next: 66%
Magic:  7/7        EV:  8    Int:  5    God:
Gold:   296        SH: 11    Dex: 10    Spells: 0 memorised, 7 levels left

rFire  + . .     SeeInvis .     a - +1 war axe
rCold  . . .     Clarity  .     b - +0 scale mail
rNeg   . . .     SustAt   .     c - +1 shield
rPois  .         Gourm    .     (helmet restricted)
rElec  .         Spirit   .     (no cloak)
rCorr  .         Warding  .     n - +2 pair of gloves
rMut   .         Stasis   .     (no boots)
MR     .....                    (no amulet)
Stlth  ..........               (no ring)
                                d - +2 ring of strength

@: not resistant to hostile enchantments, extremely unstealthy
A: retaliatory headbutt, horns 2, slimy green scales 1, breathe flames 1, fire
resistance 1, frail 1
a: Breathe Fire


You were on level 7 of the Dungeon.
You were not hungry.

You visited 1 branch of the dungeon, and saw 7 of its levels.
You also visited: Sewer.

You collected 296 gold pieces.

Inventory:

Hand Weapons
 a - a +1 war axe (weapon)
Armour
 b - a +0 scale mail (worn)
 c - a +1 shield (worn)
 n - a +2 pair of gloves (worn)
Jewellery
 d - a +2 ring of strength (left hand)
Wands
 r - a wand of confusion (35)
 y - a wand of fire (6)
 z - a wand of digging (5)
Scrolls
 f - 2 scrolls of remove curse
 g - 2 scrolls of blinking
 l - 3 scrolls of teleportation
 s - a scroll of enchant weapon
 w - a scroll of fear
Potions
 h - 2 potions of resistance
 k - 4 potions of curing
 m - a potion of agility {unknown}
 p - a potion of berserk rage {unknown}
 q - 2 potions of cancellation
 t - a potion of beneficial mutation {unknown}
 v - a potion of heal wounds {unknown}
 x - a potion of mutation {unknown}
Comestibles
 e - 3 bread rations
 i - 4 chunks of flesh
 j - 3 meat rations
 o - a slice of pizza
 u - 2 fruits


   Skills:
 + Level 4.3 Fighting
 - Level 12.0 Axes
 + Level 4.3 Armour
 + Level 2.1 Dodging
 + Level 4.4 Shields


You had 7 spell levels left.
You didn't know any spells.

Dungeon Overview and Level Annotations

Branches:
Dungeon (7/15)             Temple (0/1) D:5

Altars:
Fedhas
Trog
Vehumet
Yredelemnul
Zin

Shops:
D:6 *


Innate Abilities, Weirdness & Mutations

You reflexively headbutt those who attack you in melee.
You have a pair of horns on your head.
You are partially covered in slimy green scales (AC +2).
You can breathe flames.
Your flesh is heat resistant.
You are frail (-10% HP).


Message History

You headbutt the necrophage! You barely miss the necrophage.
The necrophage is severely damaged.
The orc warrior closely misses you. You block the necrophage's attack.
Your shield and scale mail prevent you from hitting the necrophage.
You headbutt the necrophage!
The necrophage is almost destroyed.
The orc warrior hits you from afar with a trident.
* * * LOW HITPOINT WARNING * * *
The necrophage barely misses you.
A gnoll comes into view. It is wielding a spear.
Your scale mail prevents you from hitting the necrophage.
The necrophage is almost destroyed.
The gnoll shouts!
The orc warrior hits you from afar with a trident!
* * * LOW HITPOINT WARNING * * *
The necrophage hits you but does no damage.
A quokka comes into view.
The orc warrior throws a tomahawk.
The tomahawk hits you!
You die...

.......###.r...
#.............
#...........o
#.<.####
#o.o.n.#
#oo###....
##.## ##. #n.#
#@.# #.## ..#
..## ... ....
..... ......


You could see an orc warrior, a necrophage and 3 orcs.

Vanquished Creatures
  Prince Ribbit (D:5)
  An ice beast (D:5)
  Purgy (Sewer)
  A sky beast (D:6)
  3 ogres
  A centaur (D:6)
  A phantom (D:5)
  2 crimson imps (D:5)
  3 orc wizards (D:4)
  2 iguanas
  3 orc priests
  A jelly (D:5)
  A hound (D:5)
  3 worker ants (D:4)
  10 adders
  6 gnolls
  A worker ant zombie (D:6)
  A river rat (D:3)
  3 shadow imps (D:5)
  3 oozes
  4 worms (D:2)
  6 giant geckos
  18 orcs
  A ball python (D:3)
  9 bats
  5 goblins
  12 hobgoblins
  8 jackals
  8 kobolds
  3 quokkas
  A ball python zombie (D:5)
  3 giant cockroaches (D:1)
  3 giant newts
  8 rats
  2 plants (D:1)
139 creatures vanquished.

Notes
Turn   | Place    | Note
--------------------------------------------------------------
     0 | D:1      | dobroeutro the Minotaur Fighter began the quest for the Orb.
     0 | D:1      | Reached XP level 1. HP: 19/19 MP: 0/0
   119 | D:1      | Reached XP level 2. HP: 26/26 MP: 1/1
   446 | D:1      | Reached skill level 4 in Axes
   850 | D:2      | Reached XP level 3. HP: 31/31 MP: 2/2
  1008 | D:2      | Reached skill level 5 in Axes
  1009 | D:2      | Reached XP level 4. HP: 30/39 MP: 3/3
  1054 | D:2      | Found a bloodstained altar of Trog.
  1508 | D:2      | Reached skill level 6 in Axes
  1662 | D:3      | Reached XP level 5. HP: 38/45 MP: 4/4
  1887 | D:3      | Reached skill level 7 in Axes
  1946 | D:3      | Found a glowing drain.
  1958 | Sewer    | Entered a sewer
  1980 | Sewer    | Noticed Purgy
  1995 | Sewer    | Killed Purgy
  1995 | Sewer    | Reached skill level 8 in Axes
  1995 | Sewer    | Reached XP level 6. HP: 22/51 MP: 5/5
  2470 | D:4      | Reached skill level 9 in Axes
  2527 | D:4      | Reached XP level 7. HP: 21/57 MP: 6/6
  3020 | D:4      | Reached skill level 10 in Axes
  3138 | D:5      | Entered Level 5 of the Dungeon
  3324 | D:5      | Noticed Prince Ribbit
  3366 | D:5      | Killed Prince Ribbit
  3366 | D:5      | Reached skill level 11 in Axes
  3366 | D:5      | Reached XP level 8. HP: 40/64 MP: 7/7
  3532 | D:5      | Found a staircase to the Ecumenical Temple.
  3882 | D:6      | Found Wuqis's General Store.
  3889 | D:6      | Found a blossoming altar of Fedhas.
  3889 | D:6      | Found a radiant altar of Vehumet.
  3894 | D:6      | Found a glowing silver altar of Zin.
  3908 | D:6      | Found a basalt altar of Yredelemnul.
  3912 | D:6      | Reached skill level 12 in Axes
  4004 | D:6      | Reached skill level 1 in Dodging
  4016 | D:6      | Gained mutation: You can breathe flames. [mutagenic meat]
  4017 | D:6      | Gained mutation: You are partially covered in slimy green scales (AC +2). [mutagenic meat]
  4018 | D:6      | Gained mutation: You are frail (-10% HP). [mutagenic meat]
  4019 | D:6      | Gained mutation: Your flesh is heat resistant. [mutagenic meat]
  4079 | D:7      | HP: 1/60 [orc warrior/trident (11)]
  4080 | D:7      | Hit by a tomahawk thrown by an orc warrior

Action                   |  1- 3 |  4- 6 |  7- 9 || total
-------------------------+-------+-------+-------++-------
Melee: War axe           |   110 |   173 |   154 ||   437
  Use: Scroll            |       |     9 |     6 ||    15
       Potion            |       |     1 |       ||     1
  Eat: Chunk             |     1 |     4 |    10 ||    15
